 Dungeon Sprint DCSS version 0.27.1 (webtiles) character file.

Game seed: 14141083913467729795

492 styxcanada the Unseen (level 6, 0/34 HPs)
             Began as a Spriggan Brigand on Sept 5, 2021.
             Was an Initiate of Gozag.
             Killed by vampiric draining
             ... invoked by a vampire
              (12 damage)
             ... in the Dungeon (Sprint IX: "|||||||||||||||||||||||||||||").
             The game lasted 00:03:51 (436 turns).

styxcanada the Unseen (Spriggan Brigand)             Turns: 436, Time: 00:03:52

Health: 0/34       AC:  5    Str:  7    XL:     6   Next: 91%
Magic:  7/7        EV: 23    Int: 12    God:    Gozag
Gold:   0          SH:  0    Dex: 19    Spells: 5/5 levels left

rFire    . . .     SeeInvis +   a - +2 dagger
rCold    . . .     Faith    .   (shield restricted)
rNeg     . . .     Spirit   .   b - +0 robe
rPois    .         Reflect  .   (helmet restricted)
rElec    .         Harm     .   c - +0 cloak
rCorr    .         Rampage  .   (gloves unavailable)
Will     +....     NoTele   +   (boots unavailable)
Stlth    +++++++...             (no amulet)
HPRegen  0.11/turn              p - +2 ring of evasion
MPRegen  0.10/turn              q - +2 ring of protection

@: gold aura, very slightly contaminated, invisible, very quick
A: very small, no large weapons, unfitting armour, see invisible, speed 3
a: Renounce Religion, Potion Petition, Call Merchant, Bribe Branch


You were in the Dungeon.
You worshipped Gozag.
Gozag was noncommittal.
You visited 1 branch

Inventory:

Hand Weapons
 a - a +2 dagger (weapon)
 n - a +2 rapier of venom
 o - a +2 scimitar of flaming
Armour
 b - a +0 robe (worn)
 c - a +0 cloak (worn)
Jewellery
 p - a +2 ring of evasion (left hand)
 q - a +2 ring of protection (right hand)
Wands
 m - a wand of iceblast (8)
Scrolls
 k - 2 scrolls of blinking
 l - 2 scrolls of amnesia
Potions
 f - 5 potions of curing
 h - a potion of haste
 i - 4 potions of magic


   Skills:
 * Level 4.3 Fighting
 + Level 5.1 Short Blades
 + Level 5.0 Throwing
 * Level 6.8 Dodging
 * Level 16.4 Stealth
 * Level 3.9 Evocations


You had 5 spell levels left.
You didn't know any spells.
Your spell library was empty.

Dungeon Overview and Level Annotations

Branches:
Dungeon (1/1)

Altars:
Cheibriados
Dithmenos
Elyvilon
Fedhas
Gozag
Hepliaklqana
Kikubaaqudgha
Makhleb
Nemelex Xobeh
Okawaru
Qazlal
Ru
Sif Muna
Trog
Uskayaw
Vehumet
Wu Jian
Xom
Yredelemnul
Zin
The Shining One
Beogh
Jiyva
Lugonu


Innate Abilities, Weirdness & Mutations

You are very small and have problems with some larger weapons.
You are too small for most types of armour.
You have supernaturally acute eyesight. (SInv)
You cover ground extremely quickly. (Speed+++)


Message History

You hit the vampire but do no damage.
The killer bee is no longer distracted by gold.
The vampire misses you. The vampire bites you!
The vampire draws strength from your injuries!
You hit the vampire but do no damage.
The jackal zombie is distracted by your dazzling golden aura.
The vampire closely misses you. x2
You barely miss the vampire. You hit the vampire but do no damage.
The vampire completely misses you. The vampire closely misses you.
The killer bee is distracted by your dazzling golden aura.
You hit the vampire but do no damage.
The killer bee is no longer distracted by gold.
The vampire misses you. The vampire barely misses you.
You hit the vampire but do no damage.
The jackal zombie is no longer distracted by gold.
The vampire is distracted by your dazzling golden aura.
You catch the helpless vampire completely off-guard!
You impale the vampire!!
The vampire is no longer distracted by gold.
The vampire is almost destroyed.
You feel much better.
The killer bee buzzes angrily.
The vampire draws life force from you.
The vampire is healed by the life force!
You hit the vampire but do no damage.
The vampire is almost destroyed.
The killer bee is distracted by your dazzling golden aura.
The vampire draws life force from you!
Ouch! That really hurt!
The vampire is healed by the life force!
The killer bee buzzes angrily.
You hit the vampire but do no damage.
The vampire is heavily damaged.
The vampire barely misses you. The vampire misses you.
You hit the vampire.
The vampire is heavily damaged.
The vampire draws life force from you!
You die...
Your body crumbles into a pile of gold. ▓▓▓▓▓▓▓▓▓▓▓▓▓▓▓▓▓▓▓▓▓▓▓▓▓▓▓▓▓▓▓▓▓ ________________@Vyy.$[[(Z(((.Z.y ▓▓▓▓▓▓▓▓▓▓▓▓▓▓▓▓▓▓▓▓▓▓▓▓▓▓▓▓▓▓▓▓▓ $ $ $ $$ $$$$$$$$$$$$ $$$$$ $ $ $ $$$$$

You could see a vampire (invisible) and 2 killer bees.

Vanquished Creatures
  A troll (D)
  An ice beast (D)
  An ogre (D)
  A kobold brigand (D)
  An orc wizard (D)
  A shadow imp (D)
  A giant cockroach (D)
  A goblin (D)
  A hobgoblin (D)
  A jackal (D)
  A frilled lizard (D)
  A rat (D)
12 creatures vanquished.

Notes
Turn   | Place    | Note
-------+----------+-------------------------------------------
     0 | D        | styxcanada the Spriggan Brigand began the quest for the
                  | Orb.
     0 | D        | Reached XP level 1. HP: 10/10 MP: 2/2
     6 | D        | Reached skill level 6 in Stealth
    13 | D        | Reached skill level 7 in Stealth
    38 | D        | Noticed an ogre
    38 | D        | Noticed an ice beast
    38 | D        | Noticed an orc wizard
    59 | D        | Killed an ogre
    60 | D        | Reached skill level 11 in Stealth
    60 | D        | Reached XP level 2. HP: 16/16 MP: 3/3
    60 | D        | Reached XP level 3. HP: 19/19 MP: 4/4
    60 | D        | Reached XP level 4. HP: 23/23 MP: 5/5
    64 | D        | Reached skill level 12 in Stealth
    73 | D        | Killed an ice beast
    74 | D        | Reached skill level 5 in Dodging
    74 | D        | Reached skill level 13 in Stealth
    74 | D        | Reached XP level 5. HP: 13/28 MP: 6/6
    76 | D        | Reached skill level 14 in Stealth
   332 | D        | Found a snail-covered altar of Cheibriados.
   332 | D        | Found a shadowy altar of Dithmenos.
   332 | D        | Found a white marble altar of Elyvilon.
   332 | D        | Found a blossoming altar of Fedhas.
   332 | D        | Found an opulent altar of Gozag.
   333 | D        | Found a hazy altar of Hepliaklqana.
   334 | D        | Found a viscous altar of Jiyva.
   335 | D        | Found an ancient bone altar of Kikubaaqudgha.
   336 | D        | Found a corrupted altar of Lugonu.
   337 | D        | Found a burning altar of Makhleb.
   338 | D        | Found a sparkling altar of Nemelex Xobeh.
   339 | D        | Found an iron altar of Okawaru.
   340 | D        | Became a worshipper of Gozag Ym Sagoz the Greedy
   341 | D        | Found a stormy altar of Qazlal.
   342 | D        | Found a sacrificial altar of Ru.
   343 | D        | Found a shimmering blue altar of Sif Muna.
   344 | D        | Found a bloodstained altar of Trog.
   345 | D        | Found a hide-covered altar of Uskayaw.
   346 | D        | Found a radiant altar of Vehumet.
   347 | D        | Found an ornate altar of the Wu Jian Council.
   348 | D        | Found a shimmering altar of Xom.
   349 | D        | Found a basalt altar of Yredelemnul.
   350 | D        | Found a glowing silver altar of Zin.
   351 | D        | Found a glowing golden altar of the Shining One.
   359 | D        | Found the +8 demon trident "Rift" {distort, reach+}
   378 | D        | Noticed a troll
   378 | D        | Noticed a vampire
   404 | D        | Reached skill level 15 in Stealth
   404 | D        | Reached skill level 1 in Evocations
   404 | D        | Reached XP level 6. HP: 25/33 MP: 7/7
   416 | D        | Killed a troll
   417 | D        | Reached skill level 5 in Short Blades
   417 | D        | Reached skill level 5 in Throwing
   417 | D        | Reached skill level 16 in Stealth
   436 | D        | Killed from afar by a vampire

Illustrated notes

Levels and vault maps discovered:
D:        linesprint [early_d, line_temple, items_1, d_10, items_2, lair_1,
          lair_end, items_3, orc_1, orc_end, items_4, d_15, swamp_1, shoals_1,
          snake_1, spider_1, d_20, vaults_1, items_5, swamp_end, shoals_end,
          snake_end, spider_end, vaults_end, d_27, items_6, zot_1, zot_end,
          crypt_end, forest_end, elf_end, slime_end, tomb_end, abyss_end,
          pan_hell_end]

Skill      XL: |  1  2  3  4  5  6 |
---------------+-------------------+-----
Stealth        | 11 13 15 16 | 16.4
Fighting       | 2 3 4 |  4.3
Short Blades   | 3 4 5 |  5.1
Throwing       | 3 4 5 |  5.0
Dodging        | 3 5 6 |  6.8
Evocations     | 1 3 |  3.9

Action                   |  1- 3 |  4- 6 || total
-------------------------+-------+-------++-------
Melee: Dagger            |    13 |    46 ||    59
Throw: Dart              |    11 |     7 ||    18
Evoke: Wand              |       |     2 ||     2
  Use: Potion            |     1 |     4 ||     5
 Stab: Distracted        |       |     1 ||     1
       Invisible         |       |     1 ||     1
Armor: Robe              |     3 |     1 ||     4
Dodge: Dodged            |     8 |    40 ||    48
